 Dungeon Crawl Stone Soup version 0.19.5 (webtiles) character file.

702 Popol the Chopper (level 7, -1/61 HPs)
             Began as a Minotaur Fighter on May 9, 2017.
             Splashed by a jelly's acid (8 damage)
             ... on level 5 of the Dungeon.
             The game lasted 00:12:40 (3039 turns).

Popol the Chopper (Minotaur Fighter)                Turns: 3039, Time: 00:12:41

Health: -1/61      AC: -3    Str: 25    XL:     7   Next: 39%
Magic:  6/6        EV:  9    Int:  5    God:
Gold:   97         SH: 10    Dex: 12    Spells: 0 memorised, 6 levels left

rFire  . . .     SeeInvis .     a - +0 war axe
rCold  . . .     Gourm    .     b - +0 scale mail
rNeg   . . .     Faith    .     c - +0 shield
rPois  .         Spirit   .     (helmet restricted)
rElec  .         Reflect  .     (no cloak)
rCorr  .         Harm     .     (no gloves)
MR     .....                    v - +0 pair of boots {run}
Stlth  ..........               (no amulet)
                                (no ring)
                                (no ring)

@: mighty, corroded, starving, quick
A: retaliatory headbutt, horns 2
a: no special abilities


You were on level 5 of the Dungeon.
You were starving.

You visited 1 branch of the dungeon, and saw 5 of its levels.

You collected 97 gold pieces.

Inventory:

Hand Weapons
 a - a +0 war axe (weapon)
 h - a +1 vampiric short sword
 o - a +0 flail
Armour
 b - a +0 scale mail (worn)
 c - a +0 shield (worn)
 n - a +0 ring mail
 p - a +0 leather armour
 r - a +0 chain mail
 s - a +2 robe of cold resistance
 t - a +0 robe
 v - a +0 pair of boots of running (worn)
 y - the cursed +0 ring mail of the Grue {rF- Regen+ Str+8 Int+2, unknown}
   (You found it on level 5 of the Dungeon)

   It affects your strength (+8).
   It affects your intelligence (+2).
   It makes you vulnerable to fire.
   It increases your rate of regeneration.
   It has a curse placed upon it.
Wands
 x - a wand of iceblast (1/15)
Scrolls
 g - 4 scrolls of identify {unknown}
 i - a scroll of fog {unknown}
 u - a scroll of teleportation {unknown}
 B - a scroll of magic mapping {unknown}
 C - a scroll of vulnerability {unknown}
Potions
 e - 2 potions of invisibility {unknown}
 j - a potion of degeneration {unknown}
 l - a potion of flight {unknown}
 m - 2 potions of curing {unknown}
 q - a potion of ambrosia {unknown}
 w - a potion of lignification {unknown}
 z - 2 potions of agility {unknown}
 A - a potion of berserk rage {unknown}
Comestibles
 f - a bread ration
 k - 2 beef jerkies


   Skills:
 + Level 5.3 Fighting
 + Level 6.2 Axes
 + Level 5.5 Armour
 + Level 1.9 Dodging
 + Level 0.6 Stealth
 + Level 5.7 Shields


You had 6 spell levels left.
You didn't know any spells.

Dungeon Overview and Level Annotations

Branches:
Dungeon (5/15)             Temple (0/1) D:5

Altars:
Cheibriados
Nemelex Xobeh
Uskayaw


Innate Abilities, Weirdness & Mutations

You reflexively headbutt those who attack you in melee.
You have a pair of horns on your head.


Message History

The jelly is severely wounded.
You block the jelly's attack. The jelly closely misses you.
You furiously retaliate!
You headbutt the jelly, but do no damage.
You hit the jelly. The acid corrodes you!
Your hands burn!
The jelly is almost dead.
The jelly barely misses you.
You hit the jelly but do no damage.
Your hands burn!
* * * LOW HITPOINT WARNING * * *
Your headbutt misses the jelly.
The jelly is almost dead.
The jelly hits you.
* * * LOW HITPOINT WARNING * * *
You are splashed with acid!
The acid burns!
* * * LOW HITPOINT WARNING * * *
You feel very mighty all of a sudden. The jelly hits you.
* * * LOW HITPOINT WARNING * * *
You are splashed with acid!
The acid burns!
You die...

#..............#......#...#....
#..............#......#...#....
#..............#......#...#....
####'####..##...###'#########....
#.....###..########...#..........
#.....#...............#..........
#.....#...............#..........
#.....#...............#..........
#.....#.........@.$...#..........
#.....+.........J.....#..........
#.....##+####+##'######..........
##+#.......................######
...#.......................#
...#.......................#
...........................#
...#....................>..#
##.#.........."##'####'#####


You could see a jelly.

Vanquished Creatures
  Grinder (D:4)
  Menkaure (D:4)
  A jelly (D:5)
  A centaur skeleton (D:5)
  Terence (D:2)
  An orc wizard (D:3)
  5 worker ants
  3 gnolls (D:5)
  5 adders
  2 river rats (D:4)
  A shadow imp (D:5)
  An adder zombie (D:5)
  2 worms
  4 dart slugs
  6 orcs
  2 ball pythons (D:4)
  2 goblins (D:1)
  4 hobgoblins
  6 jackals
  A quokka (D:2)
  3 bats
  2 frilled lizards (D:2)
  2 kobolds
  A leopard gecko skeleton (D:5)
  A leopard gecko zombie (D:5)
  A quokka skeleton (D:5)
  6 rats
  A bush (D:5)
  2 plants (D:5)
69 creatures vanquished.

Notes
Turn   | Place    | Note
-------+----------+-------------------------------------------
     0 | D:1      | Popol the Minotaur Fighter began the quest for the Orb.
     0 | D:1      | Reached XP level 1. HP: 19/19 MP: 0/0
   153 | D:1      | Reached XP level 2. HP: 27/27 MP: 1/1
   260 | D:2      | Noticed Terence
   271 | D:2      | Reached XP level 3. HP: 29/33 MP: 2/2
   281 | D:2      | Killed Terence
   295 | D:2      | Noticed a dagger
   296 | D:2      | Noticed a dagger
   320 | D:2      | Found a hide-covered altar of Uskayaw.
   376 | D:2      | Reached XP level 4. HP: 41/41 MP: 3/3
   482 | D:3      | Reached skill level 3 in Axes
   550 | D:3      | Reached skill level 1 in Dodging
   865 | D:4      | Noticed Menkaure
   881 | D:4      | Killed Menkaure
   881 | D:4      | Reached skill level 4 in Axes
   881 | D:4      | Reached skill level 5 in Shields
   881 | D:4      | Reached XP level 5. HP: 4/47 MP: 4/4
  1196 | D:4      | Found a glowing drain.
  1217 | D:4      | Reached XP level 6. HP: 31/53 MP: 5/5
  1468 | D:4      | Identified a +0 pair of boots of running (You found it on level 4 of the Dungeon)
  1502 | D:4      | Noticed Grinder
  1510 | D:4      | Paralysed by Grinder for 5 turns
  1520 | D:4      | Paralysed by Grinder for 6 turns
  1528 | D:4      | Killed Grinder
  1528 | D:4      | Reached skill level 5 in Fighting
  1528 | D:4      | Reached skill level 5 in Axes
  1528 | D:4      | Reached skill level 5 in Armour
  1765 | D:4      | Found a snail-covered altar of Cheibriados.
  2059 | D:5      | Entered Level 5 of the Dungeon
  2059 | D:5      | Found a staircase to the Ecumenical Temple.
  2120 | D:5      | Reached XP level 7. HP: 61/61 MP: 6/6
  2319 | D:5      | Got a twisted ring mail
  2463 | D:5      | Reached skill level 6 in Axes
  2802 | D:5      | Found a sparkling altar of Nemelex Xobeh.
  3039 | D:5      | Splashed by a jelly's acid

Skill      XL: |  1  2  3  4  5  6  7 |
---------------+----------------------+-----
Fighting       | 4 5 |  5.3
Armour         | 4 5 |  5.5
Shields        | 4 5 |  5.7
Axes           | 4 5 6 |  6.2
Dodging        | 1 |  1.9
Stealth        | |  0.6

Action                   |  1- 3 |  4- 6 |  7- 9 || total
-------------------------+-------+-------+-------++-------
Melee: War axe           |    37 |    80 |   107 ||   224
       Headbutt          |     6 |    22 |    32 ||    60
  Use: Potion            |       |       |     1 ||     1
  Eat: Bread ration      |       |     1 |       ||     1
Armor: Scale mail        |    26 |    36 |    24 ||    86
Dodge: Dodged            |    18 |    37 |    21 ||    76
Block: Shield            |    29 |    46 |    35 ||   110
